 Dungeon Crawl Stone Soup version 0.27-a0-1200-g94dc6ad4cf (webtiles) character file.

Game seed: 822375245478320992

102 wakim the Cudgeller (level 4, -4/38 HPs)
             Began as a Minotaur Gladiator on June 1, 2021.
             Splashed by an acid dragon's acid (8 damage)
             ... on level 4 of the Dungeon.
             The game lasted 00:04:51 (3038 turns).

wakim the Cudgeller (Minotaur Gladiator)            Turns: 3038, Time: 00:04:51

Health: -4/38      AC:  4    Str: 19    XL:     4   Next: 49%
Magic:  3/3        EV: 10    Int:  6    God:
Gold:   176        SH:  0    Dex: 11    Spells: 3/3 levels left

rFire    . . .     SeeInvis .   a - +1 flail
rCold    . . .     Faith    .   (no shield)
rNeg     . . .     Spirit   .   e - +0 scale mail
rPois    .         Reflect  .   c - +1 hat
rElec    .         Harm     .   (no cloak)
rCorr    +         Rampage  .   j - +0 pair of gloves
Will     .....                  (no boots)
Stlth    ..........             (no amulet)
HPRegen  0.12/turn              k - ring of resist corrosion
MPRegen  0.08/turn              (no ring)

@: corroded
A: horns 2, retaliatory headbutt
a: no special abilities


You were on level 4 of the Dungeon.
You visited 1 branch of the dungeon, and saw 4 of its levels.

You collected 176 gold pieces.

Inventory:

Hand Weapons
 a - a +1 flail (weapon)
Missiles
 b - 15 sling bullets
 d - 3 throwing nets {=f!f}
 g - 27 poisoned darts (quivered)
Armour
 c - a +1 hat (worn)
 e - a +0 scale mail (worn)
 j - a +0 pair of gloves (worn)
Jewellery
 k - a ring of resist corrosion (left hand)
Scrolls
 l - 2 scrolls of enchant weapon
Potions
 f - a potion of resistance {unknown}
 h - a potion of lignification {unknown}
 m - a potion of flight {unknown}
 F - a potion of curing
 K - a potion of magic


   Skills:
 + Level 3.3 Fighting
 * Level 4.9 Maces & Flails
 - Level 2.0 Throwing
 * Level 3.1 Armour
 - Level 3.3 Dodging


You had 3 spell levels left.
You didn't know any spells.
Your spell library contained the following spells:

 Spells                   Type           Power      Damage    Failure   Level
 Beastly Appendage        Tmut           0%         N/A       83%         1
 Magic Dart               Conj           0%         1d3       83%         1
 Sandblast                Erth           0%         2d4       83%         1
 Passwall                 Tmut/Erth      0%         N/A       92%         2
 Searing Ray              Conj           0%         3d3       92%         2
 Wereblood                Tmut           0%         N/A       92%         2
 Dazzling Flash           Conj/Hex       0%         N/A       99%         3
 Spider Form              Tmut/Pois      0%         N/A       99%         3
 Stone Arrow              Conj/Erth      0%         3d7       99%         3
 Fulminant Prism          Conj/Hex       0%         3d6       100%        4
 Ice Form                 Ice/Tmut       0%         N/A       100%        4
 Iskenderun's Mystic Bla  Conj/Tloc      0%         2d3       100%        4
 Petrify                  Tmut/Erth      0%         N/A       100%        4
 Hydra Form               Tmut           0%         N/A       100%        5
 Lee's Rapid Deconstruct  Erth           0%         3d5*      100%        5


Dungeon Overview and Level Annotations

Branches:
Dungeon (4/15)
 Temple: D:4-7

Altars:
Zin

Annotations:
D:2 1 runed translucent door, Crazy Yiuf


Innate Abilities, Weirdness & Mutations

You have a pair of horns on your head.
You reflexively headbutt those who attack you in melee.


Message History

There is a stone staircase leading up here.
You climb upwards.
There is a stone staircase leading down here.
You start resting.
HP restored.
You climb downwards.
There is a stone staircase leading up here.
The acid dragon spits acid at you.
The splash of acid hits you but does no damage.
You are splashed with acid.
You resist. The acid dragon barely misses you.
The acid dragon claws you but does no damage.
You hit the acid dragon but do no damage.
You headbutt the acid dragon.
The acid dragon is lightly wounded.
The acid dragon bites you! The acid dragon closely misses you.
You barely miss the acid dragon.
The acid dragon is lightly wounded.
The acid dragon bites you!
* * * LOW HITPOINT WARNING * * *
The acid dragon misses you. The acid dragon bites you!
* * * LOW HITPOINT WARNING * * *
The acid dragon claws you but does no damage.
You hit the acid dragon.
The acid dragon is lightly wounded.
The acid dragon spits acid at you. The splash of acid hits you. You resist.
* * * LOW HITPOINT WARNING * * *
The acid corrodes you!
You are splashed with acid.
You resist.
* * * LOW HITPOINT WARNING * * *
It was a potion of curing.
You feel better.
F - a potion of curing The acid dragon bites you.
* * * LOW HITPOINT WARNING * * *
The acid dragon barely misses you. The acid dragon spits acid at you.
The splash of acid hits you. You resist.
* * * LOW HITPOINT WARNING * * *
You are splashed with acid!
You resist.
You die...

#.....# #.#
###.#.#.#### #.#
#..........# #.#####
#>#.#.#.##.# #)#....
#.....##.######.#.###
###.####..........# #
#.# ########.### #
##.####### #.# #
##..@##...#####.# #
.#(....#.........#####
#......D...###........
##.....##.## #.#######
##...###.## #.# #
#..###...###.# #
#.###.....##.# #
..............# #
###.###.....#### #


You could see an acid dragon (catching breath).

Vanquished Creatures
  3 adders
  A dart slug (D:3)
  4 orcs (D:3)
  7 ball pythons
  9 endoplasms
  4 giant cockroaches
  7 goblins
  5 hobgoblins
  4 quokkas
  3 bats
  2 frilled lizards
  8 kobolds
  7 rats
64 creatures vanquished.

Notes
Turn   | Place    | Note
-------+----------+-------------------------------------------
     0 | D:1      | wakim the Minotaur Gladiator began the quest for the Orb.
     0 | D:1      | Reached XP level 1. HP: 18/18 MP: 0/0
   307 | D:1      | Reached skill level 1 in Armour
   316 | D:1      | Reached XP level 2. HP: 25/25 MP: 1/1
   415 | D:1      | Reached skill level 4 in Maces & Flails
   987 | D:2      | Reached XP level 3. HP: 28/30 MP: 2/2
  1126 | D:2      | Found a faded altar of an unknown god.
  1681 | D:2      | Found a runed translucent door.
  1682 | D:2      | Noticed Crazy Yiuf
  1955 | D:3      | Reached XP level 4. HP: 28/38 MP: 3/3
  2761 | D:3      | Found a glowing silver altar of Zin.
  2961 | D:4      | Noticed an acid dragon
  3038 | D:4      | Splashed by an acid dragon's acid

Illustrated notes

Levels and vault maps discovered:
D:1:      mrwooster_arrival_arrow, layout_loops_ring, serial_forest,
          infiniplex_forest_zigzag_1, infiniplex_forest_lined_3,
          infiniplex_forest_clump_small, infiniplex_forest_lined_corner,
          infiniplex_forest_clump_double, infiniplex_forest_corner_1,
          infiniplex_forest_clump_tiny, infiniplex_forest_clump_small,
          chequers_serial_rivers_large_a, minmay_tripent
D:2:      layout_rooms, hellmonk_ecumenical_altar_heavens_door,
          uniq_crazy_yiuf_cottage
D:3:      layout_loops_ring, zin_scriptorium
D:4:      layout_loops_ring, uniq_ijyb

Skill      XL: |  1  2  3  4 |
---------------+-------------+-----
Armour         | 1 2 3 |  3.1
Maces & Flails | 4 |  4.9
Fighting       | 3 |  3.3
Throwing       | |  2.0
Dodging        | |  3.3

Action                   |  1- 3 |  4- 6 || total
-------------------------+-------+-------++-------
Melee: Flail             |    87 |    40 ||   127
       Headbutt          |    13 |     8 ||    21
  Use: Scroll            |     4 |     2 ||     6
       Potion            |       |     1 ||     1
Armor: Leather armour    |     1 |       ||     1
       Scale mail        |    28 |    24 ||    52
Dodge: Dodged            |    56 |    19 ||    75

Table legend: (Time is in decaauts)
 A = Elapsed time spent in this place.
 B = Non-inter-level travel time spent in this place.
 C = Inter-level travel time spent in this place.
 D = Time resting spent in this place.
 E = Time spent auto-exploring this place.
 F = Levels seen in this place.
 G = Mean time per level.
                   A        B        C        D        E       F      G
               +--------+--------+--------+--------+--------+-----+--------+
         Total |   3075 |   2959 |    116 |    223 |   2343 |   4 |  768.8 |
       Dungeon |   3075 |   2959 |    116 |    223 |   2343 |   4 |  768.8 |
               +--------+--------+--------+--------+--------+-----+--------+

Top non-repeatable levels by time:
     D:3: 1016 daAuts
     D:1: 948 daAuts
     D:2: 909 daAuts
     D:4: 200 daAuts
